[ AOE2 MATCH · #479541839 ]
Team RMTeutons vs Berbers
[ REPLAY ANALYSIS · EXTRACTED FROM THE RECORDED GAME ]
Feudal
12:19
Castle
25:46
Imperial
—
| APM avg | 21.0 |
| APM peak | 76 |
| eAPM avg | 9.7 |
| Villagers / military | 64 / 42 |
Focus
⚔️ 41.1% · 🌾 58.9%
Spearman ×23 · Militia ×5 · Archer ×5 · Knight ×5 · Scout Cavalry ×2 · Trade Cart ×1
Feudal
14:03
Castle
19:31
Imperial
46:44
| APM avg | 20.6 |
| APM peak | 102 |
| eAPM avg | 10.7 |
| Villagers / military | 110 / 277 |
Focus
⚔️ 35.5% · 🌾 64.5%
Mangudai ×134 · Fishing Ship ×96 · Scout Cavalry ×90 · Transport Ship ×17 · Spearman ×13 · Fire Galley ×12
Feudal
—
Castle
—
Imperial
—
| APM avg | 21.8 |
| APM peak | 63 |
| eAPM avg | 12.0 |
| Villagers / military | 116 / 139 |
Focus
⚔️ 41.7% · 🌾 58.3%
Camel Archer ×60 · Camel Scout ×41 · Cannon Galleon ×13 · Fishing Ship ×7 · Fire Galley ×7 · Transport Ship ×6
Feudal
—
Castle
—
Imperial
—
| APM avg | 13.5 |
| APM peak | 43 |
| eAPM avg | 12.0 |
| Villagers / military | 155 / 142 |
Focus
⚔️ 42.3% · 🌾 57.7%
Composite Bowman ×76 · Spearman ×44 · Fishing Ship ×27 · Unknown (1795) ×16 · Unknown (2626) ×15 · Trade Cog ×14
Feudal
—
Castle
—
Imperial
—
| APM avg | 15.7 |
| APM peak | 39 |
| eAPM avg | 8.1 |
| Villagers / military | 69 / 155 |
Focus
⚔️ 40.2% · 🌾 59.8%
Camel Scout ×130 · Fishing Ship ×18 · Battering Ram ×13 · Unknown (1795) ×8 · Fire Galley ×6 · Transport Ship ×3
Feudal
13:02
Castle
35:29
Imperial
51:30
| APM avg | 9.9 |
| APM peak | 30 |
| eAPM avg | 6.2 |
| Villagers / military | 103 / 41 |
Focus
⚔️ 25.1% · 🌾 74.9%
Militia ×18 · Galley ×12 · Fishing Ship ×6 · Battering Ram ×5 · Archer ×4 · Transport Ship ×2
Match map
Resources at game start + every placement click. Thick line = wall · dashed box = detected house wall. 🟡 gold · ⚪ stone · 🟢 berries · 🔶 boar · ⭕ relic
Inputs per minute
— Twixxo - - ThE GeNeRaTiOnAl HaTeR
Build order — Twixxo
First 150 of 194 actions detected
| 0:03 | Create | Villager (Male) |
| 0:08 | Build | House |
| 0:16 | Create | Villager (Male) |
| 0:39 | Build | House |
| 0:58 | Create | Villager (Male) |
| 1:19 | Create | Villager (Male) |
| 1:28 | Build | House |
| 1:49 | Create | Villager (Male) |
| 2:17 | Create | Villager (Male) |
| 2:51 | Create | Villager (Male) |
| 3:00 | Create | Villager (Male) |
| 3:23 | Create | Villager (Male) |
| 3:51 | Build | House |
| 3:52 | Build | House |
| 3:56 | Create | Villager (Male) |
| 4:18 | Create | Villager (Male) |
| 4:28 | Research | Loom |
| 4:35 | Create | Villager (Male) |
| 5:28 | Create | Villager (Male) |
| 5:33 | Build | Lumber Camp |
| 6:24 | Create | Villager (Male) |
| 6:37 | Create | Villager (Male) |
| 6:43 | Create | Villager (Male) |
| 6:48 | Build | Mill |
| 6:50 | Create | Villager (Male) |
| 7:03 | Create | Villager (Male) |
| 7:20 | Create | Villager (Male) |
| 7:41 | Build | Farm |
| 7:46 | Build | Farm |
| 7:53 | Build | Farm |
| 7:55 | Create | Villager (Male) |
| 7:58 | Create | Villager (Male) |
| 8:29 | Create | Villager (Male) |
| 8:31 | Create | Villager (Male) |
| 8:42 | Create | Villager (Male) |
| 9:11 | Create | Villager (Male) |
| 9:58 | Build | Barracks |
| 10:01 | Create | Villager (Male) |
| 10:05 | Create | Villager (Male) |
| 10:08 | Research | Feudal Age |
| 10:39 | Build | Mining Camp |
| 10:44 | Create | Villager (Male) |
| 11:02 | Build | Farm |
| 11:08 | Create | Militia ×2 |
| 11:34 | Build | Mining Camp |
| 11:48 | Create | Villager (Male) |
| 12:05 | Build | House |
| 12:07 | Build | House |
| 12:19 | Age | Feudal Age |
| 12:43 | Create | Spearman |
| 12:48 | Create | Villager (Male) |
| 12:52 | Research | Wheelbarrow |
| 12:53 | Create | Villager (Male) |
| 13:33 | Build | Stable |
| 13:41 | Create | Villager (Male) |
| 13:44 | Research | Man-at-Arms (upgrade) |
| 13:45 | Create | Militia |
| 13:58 | Build | Stone Wall |
| 13:58 | Build | Stone Wall |
| 14:00 | Build | Stone Wall |
| 14:01 | Build | Stone Wall |
| 14:03 | Build | Stone Wall |
| 14:04 | Build | Stone Wall |
| 14:05 | Build | Stone Wall |
| 14:14 | Create | Scout Cavalry |
| 14:17 | Research | Gold Mining |
| 14:18 | Create | Villager (Male) |
| 14:37 | Create | Villager (Male) |
| 14:52 | Build | Watch Tower |
| 15:02 | Create | Militia |
| 15:08 | Build | House |
| 15:17 | Build | House |
| 15:26 | Create | Villager (Male) |
| 15:34 | Build | House |
| 15:35 | Build | House |
| 15:36 | Build | House |
| 15:37 | Research | Double-Bit Axe |
| 15:49 | Build | Building 487 |
| 16:01 | Create | Spearman |
| 16:06 | Build | Stone Wall |
| 16:15 | Build | Farm |
| 16:18 | Build | Farm |
| 16:58 | Create | Villager (Male) |
| 17:03 | Build | Lumber Camp |
| 18:00 | Create | Villager (Male) |
| 18:05 | Create | Scout Cavalry |
| 18:16 | Create | Spearman |
| 18:18 | Create | Villager (Male) |
| 18:22 | Build | Farm |
| 18:25 | Build | Farm |
| 18:33 | Build | Lumber Camp |
| 18:53 | Create | Villager (Male) |
| 18:58 | Build | Archery Range |
| 19:05 | Build | Archery Range |
| 19:14 | Build | Building 487 |
| 19:15 | Build | Stone Wall |
| 19:18 | Build | Stone Wall |
| 19:21 | Create | Villager (Male) |
| 19:24 | Research | Horse Collar |
| 20:10 | Build | Stone Wall |
| 20:12 | Create | Spearman |
| 20:23 | Create | Villager (Male) |
| 20:29 | Research | Arson |
| 20:42 | Create | Spearman |
| 20:46 | Create | Archer ×5 |
| 21:03 | Create | Spearman |
| 21:05 | Create | Villager (Male) |
| 21:14 | Build | House |
| 21:15 | Build | House |
| 21:16 | Build | House |
| 22:09 | Build | Market |
| 22:29 | Build | Stone Wall |
| 22:31 | Build | Stone Wall |
| 22:33 | Build | Stone Wall |
| 22:34 | Build | Stone Wall |
| 23:06 | Research | Castle Age |
| 23:39 | Create | Militia |
| 23:48 | Build | Building 487 |
| 23:49 | Build | Stone Wall |
| 23:51 | Build | Stone Wall |
| 23:53 | Build | Stone Wall |
| 24:21 | Build | Watch Tower |
| 24:56 | Build | Stone Wall |
| 25:05 | Build | House |
| 25:11 | Create | Trade Cart |
| 25:20 | Research | Stone Mining |
| 25:37 | Create | Villager (Male) |
| 25:46 | Age | Castle Age |
| 25:51 | Create | Villager (Male) |
| 26:37 | Build | Building 487 |
| 26:40 | Build | Building 490 |
| 27:16 | Build | Castle |
| 27:29 | Build | Castle |
| 27:35 | Build | Stone Wall |
| 27:37 | Build | Building 665 |
| 28:04 | Create | Knight ×4 |
| 28:08 | Create | Villager (Male) |
| 28:08 | Create | Villager (Male) |
| 28:19 | Build | Town Center |
| 28:25 | Create | Villager (Male) |
| 28:46 | Create | Teutonic Knight |
| 29:20 | Build | Blacksmith |
| 29:22 | Research | Heavy Plow |
| 29:23 | Research | Bow Saw |
| 29:24 | Create | Villager (Male) |
| 29:33 | Build | House |
| 29:56 | Build | Stone Wall |
| 29:57 | Build | Stone Wall |
| 30:07 | Create | Knight |
| 30:16 | Create | Spearman |
Build order — ThE GeNeRaTiOnAl HaTeR
First 150 of 450 actions detected
| 0:04 | Research | Loom |
| 0:04 | Create | Villager (Male) ×4 |
| 0:04 | Create | Villager (Male) ×4 |
| 0:13 | Build | House |
| 0:13 | Build | House |
| 0:14 | Build | House |
| 0:15 | Build | House |
| 0:34 | Build | Lumber Camp |
| 1:34 | Create | Villager (Male) |
| 2:23 | Create | Villager (Male) |
| 2:49 | Create | Villager (Male) |
| 3:05 | Create | Villager (Male) |
| 3:38 | Create | Villager (Male) |
| 4:07 | Create | Villager (Male) |
| 4:37 | Create | Villager (Male) |
| 4:55 | Create | Villager (Male) |
| 5:14 | Build | Dock |
| 5:20 | Create | Villager (Male) |
| 5:42 | Create | Villager (Male) |
| 6:00 | Create | Fishing Ship |
| 6:00 | Create | Fishing Ship |
| 6:05 | Create | Villager (Male) |
| 6:39 | Create | Fishing Ship |
| 6:40 | Create | Fishing Ship |
| 6:40 | Create | Fishing Ship |
| 6:40 | Create | Fishing Ship |
| 7:05 | Create | Fishing Ship |
| 7:05 | Create | Fishing Ship |
| 7:17 | Create | Villager (Male) |
| 7:17 | Create | Villager (Male) |
| 7:34 | Create | Villager (Male) |
| 7:35 | Create | Villager (Male) |
| 7:35 | Create | Villager (Male) |
| 7:48 | Create | Villager (Male) |
| 7:56 | Create | Fishing Ship |
| 7:56 | Create | Fishing Ship |
| 7:57 | Create | Fishing Ship |
| 8:15 | Create | Villager (Male) |
| 8:39 | Build | House |
| 8:41 | Build | House |
| 8:42 | Build | House |
| 8:42 | Build | House |
| 8:45 | Create | Fishing Ship |
| 8:45 | Create | Fishing Ship |
| 8:45 | Create | Fishing Ship |
| 8:56 | Create | Villager (Male) |
| 8:56 | Create | Villager (Male) |
| 9:19 | Create | Fishing Ship |
| 9:43 | Create | Villager (Male) |
| 9:59 | Build | Dock |
| 10:11 | Build | Mining Camp |
| 11:04 | Create | Fishing Ship |
| 11:04 | Create | Fishing Ship |
| 11:04 | Create | Fishing Ship |
| 11:35 | Create | Fishing Ship |
| 11:53 | Research | Feudal Age |
| 12:00 | Build | Barracks |
| 12:03 | Build | House |
| 12:04 | Build | House |
| 12:05 | Build | House |
| 12:46 | Build | Mill |
| 13:03 | Create | Fishing Ship |
| 13:05 | Create | Fishing Ship |
| 14:03 | Age | Feudal Age |
| 14:03 | Research | Double-Bit Axe |
| 14:14 | Build | Blacksmith |
| 14:34 | Build | Market |
| 15:05 | Research | Horse Collar |
| 15:11 | Research | Wheelbarrow |
| 15:13 | Research | Town Watch |
| 15:35 | Build | Lumber Camp |
| 15:50 | Research | Tech 906 |
| 16:09 | Research | Castle Age |
| 16:49 | Build | Stable |
| 17:33 | Build | Mill |
| 17:44 | Research | Gold Mining |
| 17:45 | Research | Stone Mining |
| 17:51 | Build | House |
| 17:52 | Build | House |
| 17:53 | Build | House |
| 19:29 | Create | Villager (Male) |
| 19:29 | Create | Villager (Male) |
| 19:29 | Create | Villager (Male) |
| 19:30 | Create | Villager (Male) |
| 19:30 | Create | Villager (Male) |
| 19:31 | Age | Castle Age |
| 19:42 | Build | Siege Workshop |
| 19:48 | Research | Husbandry |
| 19:49 | Create | Knight |
| 19:49 | Create | Knight |
| 19:49 | Create | Knight |
| 19:53 | Research | Scale Barding Armor |
| 20:33 | Build | Town Center |
| 20:37 | Research | Pikeman (upgrade) |
| 20:38 | Research | Squires |
| 20:38 | Research | Arson |
| 20:41 | Create | Battering Ram |
| 20:41 | Create | Battering Ram |
| 20:50 | Create | Transport Ship |
| 20:51 | Create | Transport Ship |
| 21:27 | Build | Mining Camp |
| 21:41 | Create | Spearman ×4 |
| 21:42 | Create | Spearman |
| 22:04 | Create | Spearman |
| 22:04 | Create | Spearman |
| 22:04 | Create | Spearman |
| 22:26 | Research | Gillnets |
| 22:38 | Create | Villager (Male) |
| 22:39 | Create | Villager (Male) |
| 22:39 | Create | Villager (Male) |
| 22:39 | Create | Villager (Male) |
| 22:39 | Create | Villager (Male) |
| 22:40 | Create | Villager (Male) |
| 22:40 | Create | Villager (Male) |
| 22:40 | Create | Villager (Male) |
| 23:05 | Create | Spearman |
| 23:05 | Create | Spearman |
| 23:16 | Create | Villager (Male) |
| 23:16 | Create | Villager (Male) |
| 23:16 | Create | Villager (Male) |
| 24:36 | Create | Spearman |
| 24:55 | Create | Spearman |
| 24:55 | Create | Spearman |
| 25:19 | Build | Lumber Camp |
| 28:17 | Build | Town Center |
| 28:23 | Create | Fire Galley ×5 |
| 28:23 | Create | Fire Galley ×5 |
| 28:24 | Create | Fire Galley |
| 28:24 | Create | Fire Galley |
| 29:00 | Create | Villager (Male) |
| 29:00 | Create | Villager (Male) |
| 29:00 | Create | Villager (Male) |
| 29:01 | Create | Villager (Male) |
| 29:01 | Create | Villager (Male) |
| 29:02 | Research | Hand Cart |
| 29:02 | Create | Villager (Male) |
| 29:14 | Create | Villager (Male) |
| 29:14 | Create | Villager (Male) |
| 29:23 | Build | Castle |
| 29:29 | Build | Barracks |
| 29:32 | Build | Archery Range |
| 29:33 | Build | Archery Range |
| 29:33 | Build | Archery Range |
| 29:38 | Build | Stable |
| 29:38 | Build | Stable |
| 29:39 | Build | Stable |
| 29:53 | Create | Villager (Male) |
| 29:54 | Create | Villager (Male) |
| 30:05 | Create | Fishing Ship |
| 30:05 | Create | Fishing Ship |
Build order — Kenway7332
First 150 of 426 actions detected
| 0:02 | Build | House |
| 0:04 | Build | House |
| 0:06 | Create | Villager (Male) |
| 0:06 | Create | Villager (Male) |
| 0:06 | Create | Villager (Male) |
| 0:06 | Create | Villager (Male) |
| 0:07 | Create | Villager (Male) |
| 1:28 | Create | Villager (Male) |
| 1:28 | Create | Villager (Male) |
| 1:29 | Create | Villager (Male) |
| 2:02 | Create | Villager (Male) |
| 2:02 | Create | Villager (Male) |
| 2:02 | Create | Villager (Male) |
| 2:09 | Build | Lumber Camp |
| 2:43 | Create | Villager (Male) |
| 2:44 | Create | Villager (Male) |
| 3:09 | Build | Outpost |
| 3:20 | Build | Palisade Wall |
| 3:24 | Build | Palisade Wall |
| 3:35 | Create | Villager (Male) |
| 3:36 | Create | Villager (Male) |
| 3:36 | Create | Villager (Male) |
| 3:36 | Create | Villager (Male) |
| 4:11 | Build | Palisade Wall |
| 4:26 | Create | Villager (Male) |
| 4:26 | Create | Villager (Male) |
| 4:57 | Build | Mill |
| 5:38 | Create | Villager (Male) |
| 5:38 | Create | Villager (Male) |
| 6:08 | Build | House |
| 6:13 | Build | House |
| 6:18 | Create | Villager (Male) |
| 6:18 | Create | Villager (Male) |
| 6:25 | Create | Villager (Male) |
| 6:25 | Create | Villager (Male) |
| 6:25 | Create | Villager (Male) |
| 7:31 | Create | Villager (Male) |
| 7:32 | Create | Villager (Male) |
| 7:32 | Create | Villager (Male) |
| 7:45 | Build | Dock |
| 7:58 | Build | Dock |
| 8:03 | Create | Villager (Male) |
| 8:03 | Create | Villager (Male) |
| 8:03 | Create | Villager (Male) |
| 8:25 | Create | Villager (Male) |
| 8:39 | Create | Villager (Male) |
| 8:39 | Create | Villager (Male) |
| 8:56 | Create | Fishing Ship |
| 8:57 | Create | Fishing Ship |
| 9:06 | Create | Villager (Male) |
| 9:06 | Create | Villager (Male) |
| 9:07 | Create | Villager (Male) |
| 9:53 | Research | Loom |
| 10:07 | Create | Fishing Ship |
| 10:27 | Research | Feudal Age |
| 11:19 | Create | Villager (Male) |
| 11:20 | Create | Villager (Male) |
| 11:20 | Create | Villager (Male) |
| 11:20 | Create | Villager (Male) |
| 11:35 | Build | House |
| 11:58 | Create | Villager (Male) |
| 12:05 | Build | Mining Camp |
| 12:14 | Build | Lumber Camp |
| 12:56 | Build | Mill |
| 13:38 | Build | Market |
| 14:30 | Build | Blacksmith |
| 15:13 | Research | Castle Age |
| 15:23 | Build | Barracks |
| 15:50 | Research | Horse Collar |
| 16:06 | Create | Fishing Ship |
| 16:07 | Create | Fishing Ship |
| 16:24 | Create | Villager (Male) |
| 16:24 | Create | Villager (Male) |
| 16:36 | Build | Mining Camp |
| 16:56 | Build | House |
| 16:57 | Build | House |
| 17:18 | Build | Mining Camp |
| 17:46 | Build | Palisade Wall |
| 17:55 | Build | House |
| 17:57 | Build | House |
| 18:07 | Build | Archery Range |
| 18:51 | Build | Town Center |
| 19:16 | Create | Cavalry Archer |
| 19:17 | Create | Genitour |
| 19:18 | Create | Cavalry Archer |
| 19:27 | Build | House |
| 20:08 | Build | Stable |
| 20:10 | Create | Villager (Male) |
| 20:10 | Create | Villager (Male) |
| 20:10 | Create | Villager (Male) |
| 20:11 | Create | Villager (Male) |
| 20:11 | Create | Villager (Male) |
| 20:32 | Create | Villager (Male) |
| 20:32 | Create | Villager (Male) |
| 20:33 | Create | Villager (Male) |
| 20:33 | Create | Villager (Male) |
| 20:33 | Create | Villager (Male) |
| 20:55 | Create | Fishing Ship |
| 20:55 | Create | Fishing Ship |
| 21:09 | Build | Farm |
| 21:25 | Create | Camel Scout |
| 21:26 | Create | Camel Scout |
| 21:34 | Build | Farm |
| 22:06 | Create | Villager (Male) |
| 22:06 | Create | Villager (Male) |
| 22:12 | Create | Villager (Male) |
| 22:13 | Create | Villager (Male) |
| 22:17 | Create | Villager (Male) |
| 22:17 | Create | Villager (Male) |
| 22:29 | Create | Cavalry Archer |
| 22:30 | Create | Cavalry Archer |
| 22:43 | Create | Villager (Male) |
| 22:43 | Create | Villager (Male) |
| 24:45 | Build | Castle |
| 25:01 | Build | Town Center |
| 25:20 | Build | Stone Wall |
| 25:26 | Build | Stone Wall |
| 25:32 | Build | Stone Wall |
| 25:54 | Build | Farm |
| 25:58 | Create | Villager (Male) |
| 25:58 | Create | Villager (Male) |
| 25:59 | Create | Villager (Male) |
| 25:59 | Create | Villager (Male) |
| 26:00 | Research | Town Watch |
| 26:05 | Build | Monastery |
| 26:14 | Build | Outpost |
| 26:31 | Research | Husbandry |
| 26:41 | Build | Castle |
| 26:46 | Create | Camel Archer |
| 26:46 | Create | Camel Archer |
| 26:47 | Create | Camel Archer |
| 27:12 | Build | Stone Wall |
| 27:13 | Build | Stone Wall |
| 27:59 | Create | Camel Scout |
| 27:59 | Create | Camel Scout |
| 28:38 | Build | Stone Wall |
| 28:53 | Create | Villager (Male) |
| 28:53 | Create | Villager (Male) |
| 28:54 | Create | Villager (Male) |
| 28:54 | Create | Villager (Male) |
| 28:54 | Create | Villager (Male) |
| 29:01 | Create | Villager (Male) |
| 29:01 | Create | Villager (Male) |
| 29:01 | Create | Villager (Male) |
| 29:02 | Create | Villager (Male) |
| 29:13 | Build | Farm |
| 29:31 | Research | Gold Mining |
| 29:34 | Research | Stone Mining |
| 30:27 | Build | Stable |
| 30:33 | Build | Stable |
Build order — martindiego7
First 150 of 490 actions detected
| 0:07 | Build | House |
| 0:08 | Build | House |
| 0:22 | Create | Villager (Male) |
| 0:22 | Create | Villager (Male) |
| 0:22 | Create | Villager (Male) |
| 0:23 | Create | Villager (Male) |
| 0:23 | Create | Villager (Male) |
| 1:50 | Create | Villager (Male) |
| 2:19 | Create | Villager (Male) |
| 2:19 | Create | Villager (Male) |
| 2:53 | Create | Villager (Male) |
| 2:55 | Create | Villager (Male) |
| 3:19 | Create | Villager (Male) |
| 4:02 | Build | House |
| 4:05 | Create | Villager (Male) |
| 4:05 | Create | Villager (Male) |
| 4:06 | Create | Villager (Male) |
| 4:39 | Build | House |
| 4:41 | Create | Villager (Male) |
| 4:41 | Create | Villager (Male) |
| 5:06 | Create | Villager (Male) |
| 5:29 | Build | Mill |
| 5:31 | Create | Villager (Male) |
| 5:59 | Create | Villager (Male) |
| 5:59 | Create | Villager (Male) |
| 6:09 | Build | Mule Cart |
| 7:16 | Build | Dock |
| 7:26 | Research | Loom |
| 8:03 | Create | Villager (Male) |
| 8:16 | Create | Fishing Ship |
| 8:23 | Build | House |
| 8:24 | Build | House |
| 8:32 | Create | Villager (Male) |
| 9:00 | Create | Villager (Male) |
| 9:13 | Create | Fishing Ship |
| 9:32 | Build | House |
| 9:33 | Build | House |
| 9:37 | Create | Villager (Male) |
| 9:59 | Build | Dock |
| 10:28 | Research | Feudal Age |
| 10:52 | Build | House |
| 10:55 | Build | House |
| 11:27 | Build | Dock |
| 11:59 | Build | Mule Cart |
| 12:25 | Build | Mule Cart |
| 12:27 | Create | Fishing Ship |
| 12:50 | Create | Demolition Raft |
| 12:54 | Create | Demolition Raft |
| 12:57 | Create | Fishing Ship |
| 13:03 | Research | Double-Bit Axe |
| 13:06 | Create | Villager (Male) |
| 13:06 | Create | Villager (Male) |
| 13:20 | Research | Gold Mining |
| 13:34 | Create | Fishing Ship |
| 13:39 | Research | Town Watch |
| 13:42 | Research | Wheelbarrow |
| 13:52 | Create | Fishing Ship |
| 14:03 | Research | Tech 906 |
| 14:12 | Create | Fishing Ship |
| 14:33 | Create | Fishing Ship |
| 14:43 | Create | Fishing Ship |
| 14:52 | Create | Fishing Ship |
| 15:09 | Create | Villager (Male) |
| 15:09 | Create | Villager (Male) |
| 15:11 | Create | Villager (Male) |
| 15:21 | Research | Stone Mining |
| 15:41 | Build | Barracks |
| 15:47 | Create | Fishing Ship |
| 15:48 | Create | Fishing Ship |
| 15:56 | Create | Fishing Ship |
| 16:04 | Create | Fishing Ship |
| 16:34 | Create | Villager (Male) |
| 16:34 | Create | Villager (Male) |
| 16:47 | Build | Blacksmith |
| 17:41 | Create | Fishing Ship |
| 17:41 | Create | Fishing Ship |
| 17:52 | Create | Fishing Ship |
| 17:52 | Create | Fishing Ship |
| 17:57 | Create | Fishing Ship |
| 17:57 | Create | Fishing Ship |
| 18:19 | Build | Archery Range |
| 18:35 | Research | Castle Age |
| 18:41 | Build | Mule Cart |
| 18:50 | Build | Mule Cart |
| 18:58 | Create | Fishing Ship |
| 19:17 | Build | Dock |
| 19:32 | Create | Villager (Male) |
| 19:32 | Create | Villager (Male) |
| 19:46 | Build | Dock |
| 19:55 | Create | Spearman |
| 19:55 | Create | Spearman |
| 19:56 | Create | Spearman |
| 19:57 | Create | Spearman |
| 20:36 | Build | Market |
| 20:48 | Create | Fishing Ship |
| 20:48 | Create | Fishing Ship |
| 20:59 | Build | Dock |
| 21:47 | Build | House |
| 21:48 | Build | House |
| 21:49 | Build | House |
| 21:50 | Build | House |
| 21:56 | Build | House |
| 21:57 | Build | House |
| 22:04 | Research | Gillnets |
| 22:15 | Research | Bow Saw |
| 22:42 | Build | Monastery |
| 23:02 | Build | House |
| 23:03 | Build | House |
| 23:04 | Build | House |
| 23:05 | Build | House |
| 23:21 | Build | Town Center |
| 23:52 | Build | University |
| 23:58 | Research | Gold Shaft Mining |
| 24:00 | Create | Monk |
| 24:14 | Build | Siege Workshop |
| 25:03 | Create | Trade Cog |
| 25:03 | Create | Trade Cog |
| 25:14 | Create | Trade Cog |
| 25:14 | Create | Trade Cog |
| 25:26 | Create | Trade Cog |
| 25:27 | Create | Trade Cog |
| 25:39 | Build | Castle |
| 25:40 | Create | Villager (Male) |
| 25:41 | Create | Villager (Male) |
| 25:43 | Research | Imperial Age |
| 25:45 | Research | Hand Cart |
| 25:59 | Build | Town Center |
| 26:35 | Build | Dock |
| 26:40 | Build | House |
| 26:40 | Build | House |
| 26:42 | Build | House |
| 26:42 | Build | House |
| 26:44 | Research | Murder Holes |
| 26:52 | Research | Tech 909 |
| 26:56 | Research | Tech 908 |
| 27:07 | Create | Villager (Male) |
| 27:07 | Create | Villager (Male) |
| 27:37 | Create | Fire Galley |
| 27:37 | Create | Fire Galley |
| 27:37 | Create | Fire Galley |
| 28:18 | Create | Fishing Ship |
| 28:18 | Create | Fishing Ship |
| 28:27 | Create | Trade Cog |
| 28:27 | Create | Trade Cog |
| 28:27 | Create | Trade Cog |
| 28:28 | Create | Trade Cog |
| 28:28 | Create | Trade Cog |
| 28:37 | Create | Trade Cog |
| 28:38 | Create | Trade Cog |
| 28:38 | Create | Trade Cog |
Build order — elchori3105
First 150 of 274 actions detected
| 0:01 | Create | Villager (Male) |
| 0:02 | Create | Villager (Male) |
| 0:03 | Build | House |
| 0:06 | Build | House |
| 0:31 | Create | Villager (Male) |
| 0:32 | Create | Villager (Male) |
| 0:32 | Create | Villager (Male) |
| 1:34 | Create | Villager (Male) |
| 2:07 | Create | Villager (Male) |
| 2:07 | Create | Villager (Male) |
| 2:34 | Create | Villager (Male) |
| 3:03 | Create | Villager (Male) |
| 3:04 | Create | Villager (Male) |
| 3:04 | Create | Villager (Male) |
| 3:29 | Create | Villager (Male) |
| 3:30 | Create | Villager (Male) |
| 4:13 | Create | Villager (Male) |
| 4:14 | Create | Villager (Male) |
| 4:20 | Build | Lumber Camp |
| 5:05 | Create | Villager (Male) |
| 5:06 | Create | Villager (Male) |
| 5:29 | Build | House |
| 5:46 | Create | Villager (Male) |
| 5:47 | Create | Villager (Male) |
| 6:07 | Build | Lumber Camp |
| 6:10 | Create | Villager (Male) |
| 6:10 | Create | Villager (Male) |
| 6:10 | Create | Villager (Male) |
| 6:25 | Build | Mill |
| 7:42 | Build | Mill |
| 7:48 | Create | Villager (Male) |
| 8:33 | Create | Villager (Male) |
| 8:35 | Research | Feudal Age |
| 8:53 | Build | Dock |
| 10:08 | Create | Fishing Ship |
| 10:08 | Create | Fishing Ship |
| 10:13 | Build | House |
| 10:49 | Research | Wheelbarrow |
| 10:51 | Research | Double-Bit Axe |
| 11:31 | Create | Villager (Male) |
| 12:09 | Build | Mining Camp |
| 12:13 | Create | Villager (Male) |
| 12:16 | Create | Fishing Ship |
| 12:17 | Create | Fishing Ship |
| 12:38 | Create | Villager (Male) |
| 12:38 | Create | Villager (Male) |
| 12:46 | Build | House |
| 13:24 | Create | Villager (Male) |
| 14:10 | Create | Villager (Male) |
| 14:21 | Create | Fishing Ship |
| 14:25 | Build | House |
| 14:41 | Research | Tech 906 |
| 15:09 | Create | Fishing Ship |
| 15:30 | Build | Lumber Camp |
| 15:41 | Build | House |
| 16:01 | Build | Dock |
| 16:36 | Build | Dock |
| 16:59 | Create | Fishing Ship |
| 16:59 | Create | Fishing Ship |
| 17:05 | Create | Fishing Ship |
| 17:05 | Create | Fishing Ship |
| 17:30 | Create | Villager (Male) |
| 17:33 | Create | Villager (Male) |
| 17:53 | Build | Blacksmith |
| 17:59 | Build | Market |
| 18:17 | Build | Dock |
| 18:22 | Create | Villager (Male) |
| 18:35 | Build | House |
| 18:48 | Research | Castle Age |
| 19:32 | Build | Barracks |
| 19:58 | Build | House |
| 20:04 | Build | Dock |
| 20:16 | Research | Loom |
| 20:23 | Build | Mining Camp |
| 20:39 | Create | Fishing Ship |
| 20:39 | Create | Fishing Ship |
| 20:42 | Create | Fire Galley |
| 20:42 | Create | Fire Galley |
| 20:48 | Create | Fishing Ship |
| 20:48 | Create | Fishing Ship |
| 21:05 | Build | Stable |
| 21:34 | Build | Town Center |
| 21:41 | Research | Hand Cart |
| 21:51 | Build | Town Center |
| 21:58 | Create | Villager (Male) |
| 21:58 | Create | Villager (Male) |
| 21:58 | Create | Villager (Male) |
| 22:06 | Research | Husbandry |
| 22:10 | Build | Stable |
| 22:15 | Build | House |
| 22:19 | Build | Stable |
| 22:24 | Create | Villager (Male) |
| 22:24 | Create | Villager (Male) |
| 22:39 | Research | Gillnets |
| 22:40 | Create | Fishing Ship |
| 22:44 | Create | Villager (Male) |
| 22:44 | Create | Villager (Male) |
| 22:44 | Create | Villager (Male) |
| 22:45 | Create | Villager (Male) |
| 22:51 | Build | Dock |
| 23:01 | Build | House |
| 23:02 | Build | House |
| 23:02 | Build | House |
| 23:06 | Create | Villager (Male) |
| 23:06 | Create | Villager (Male) |
| 23:06 | Create | Villager (Male) |
| 23:15 | Create | Villager (Male) |
| 23:15 | Create | Villager (Male) |
| 23:16 | Create | Villager (Male) |
| 23:22 | Create | Villager (Male) |
| 23:27 | Research | Bow Saw |
| 23:34 | Create | Fishing Ship |
| 23:35 | Create | Fishing Ship |
| 23:35 | Create | Fishing Ship |
| 23:50 | Build | Fish Trap |
| 23:56 | Build | Fish Trap |
| 23:56 | Build | Fish Trap |
| 23:57 | Build | Fish Trap |
| 23:58 | Build | Fish Trap |
| 24:31 | Build | House |
| 24:33 | Build | House |
| 24:37 | Create | Villager (Male) |
| 24:37 | Create | Villager (Male) |
| 24:39 | Create | Villager (Male) |
| 24:39 | Create | Villager (Male) |
| 24:46 | Create | Camel Scout |
| 24:46 | Create | Camel Scout |
| 24:46 | Create | Camel Scout |
| 24:47 | Create | Camel Scout |
| 24:48 | Create | Camel Scout |
| 24:48 | Create | Camel Scout |
| 25:06 | Build | Mining Camp |
| 25:08 | Create | Villager (Male) |
| 25:08 | Create | Villager (Male) |
| 25:11 | Create | Camel Scout |
| 25:11 | Create | Camel Scout |
| 25:14 | Research | Forging |
| 25:16 | Research | Scale Barding Armor |
| 25:25 | Build | Fish Trap |
| 25:26 | Build | Fish Trap |
| 25:26 | Build | Fish Trap |
| 25:27 | Build | Fish Trap |
| 25:28 | Build | Fish Trap |
| 25:48 | Build | Mining Camp |
| 25:53 | Create | Camel Scout |
| 25:53 | Create | Camel Scout |
| 26:13 | Create | Villager (Male) |
| 26:13 | Create | Villager (Male) |
| 26:13 | Create | Villager (Male) |
| 26:15 | Create | Villager (Male) |
Build order — TheTotii18
First 150 of 274 actions detected
| 0:03 | Build | House |
| 0:05 | Build | House |
| 0:07 | Create | Villager (Male) |
| 0:07 | Create | Villager (Male) |
| 0:08 | Create | Villager (Male) |
| 0:08 | Create | Villager (Male) |
| 0:08 | Create | Villager (Male) |
| 1:55 | Create | Villager (Male) |
| 1:56 | Create | Villager (Male) |
| 1:56 | Create | Villager (Male) |
| 2:34 | Create | Villager (Male) |
| 2:35 | Create | Villager (Male) |
| 2:35 | Create | Villager (Male) |
| 3:16 | Build | House |
| 5:16 | Create | Villager (Male) |
| 5:17 | Create | Villager (Male) |
| 5:17 | Create | Villager (Male) |
| 5:17 | Create | Villager (Male) |
| 5:18 | Create | Villager (Male) |
| 5:18 | Create | Villager (Male) |
| 5:18 | Create | Villager (Male) |
| 5:40 | Build | Barracks |
| 6:26 | Create | Villager (Male) |
| 6:26 | Create | Villager (Male) |
| 6:26 | Create | Villager (Male) |
| 6:26 | Create | Villager (Male) |
| 6:27 | Create | Villager (Male) |
| 6:27 | Create | Villager (Male) |
| 6:52 | Build | Mill |
| 8:43 | Build | Lumber Camp |
| 8:50 | Build | Farm |
| 9:02 | Build | House |
| 9:38 | Build | Dock |
| 10:27 | Build | Lumber Camp |
| 10:52 | Research | Feudal Age |
| 11:19 | Build | Mining Camp |
| 11:27 | Create | Fishing Ship |
| 11:27 | Create | Fishing Ship |
| 12:09 | Build | House |
| 12:11 | Build | House |
| 12:15 | Build | House |
| 13:02 | Age | Feudal Age |
| 13:04 | Research | Double-Bit Axe |
| 13:14 | Build | Mill |
| 13:42 | Research | Tech 906 |
| 13:43 | Create | Fishing Ship |
| 13:43 | Create | Fishing Ship |
| 13:44 | Create | Fishing Ship |
| 13:44 | Create | Fishing Ship |
| 14:26 | Research | Horse Collar |
| 14:31 | Build | House |
| 14:32 | Build | House |
| 14:34 | Build | House |
| 14:40 | Research | Gold Mining |
| 14:56 | Research | Arson |
| 15:11 | Build | Market |
| 15:18 | Research | Town Watch |
| 15:44 | Research | Wheelbarrow |
| 16:21 | Build | Lumber Camp |
| 16:32 | Build | Blacksmith |
| 17:08 | Build | Watch Tower |
| 17:52 | Build | Watch Tower |
| 18:04 | Research | Man-at-Arms (upgrade) |
| 18:17 | Build | Farm |
| 18:17 | Build | Farm |
| 18:17 | Build | Farm |
| 18:18 | Build | Farm |
| 18:18 | Build | Farm |
| 18:52 | Build | Farm |
| 18:52 | Build | Farm |
| 19:02 | Create | Villager (Male) |
| 19:02 | Create | Villager (Male) |
| 19:03 | Create | Villager (Male) |
| 19:03 | Create | Villager (Male) |
| 19:03 | Create | Villager (Male) |
| 19:03 | Create | Villager (Male) |
| 19:04 | Create | Villager (Male) |
| 19:04 | Create | Villager (Male) |
| 19:22 | Build | Farm |
| 19:30 | Create | Militia |
| 19:31 | Create | Militia |
| 19:49 | Research | Scale Mail Armor |
| 20:14 | Create | Militia |
| 20:42 | Create | Militia |
| 20:43 | Create | Militia |
| 20:43 | Create | Militia |
| 20:43 | Create | Militia |
| 22:06 | Create | Militia |
| 22:06 | Create | Militia |
| 22:07 | Create | Militia |
| 22:07 | Create | Militia |
| 22:07 | Create | Militia |
| 22:07 | Create | Militia |
| 22:08 | Create | Militia |
| 22:17 | Create | Militia |
| 22:17 | Create | Militia |
| 22:17 | Create | Militia |
| 22:18 | Create | Militia |
| 22:42 | Research | Forging |
| 23:06 | Build | Mining Camp |
| 23:09 | Create | Villager (Male) |
| 23:09 | Create | Villager (Male) |
| 23:10 | Create | Villager (Male) |
| 23:10 | Create | Villager (Male) |
| 24:51 | Build | Archery Range |
| 25:13 | Research | Padded Archer Armor |
| 25:23 | Build | House |
| 25:25 | Build | House |
| 25:26 | Build | House |
| 25:27 | Build | House |
| 25:32 | Create | Villager (Male) |
| 25:33 | Create | Villager (Male) |
| 25:33 | Create | Villager (Male) |
| 25:33 | Create | Villager (Male) |
| 25:33 | Create | Villager (Male) |
| 25:34 | Create | Villager (Male) |
| 25:34 | Create | Villager (Male) |
| 25:34 | Create | Villager (Male) |
| 25:35 | Create | Villager (Male) |
| 25:35 | Create | Villager (Male) |
| 25:35 | Create | Villager (Male) |
| 27:11 | Create | Archer |
| 27:11 | Create | Archer |
| 27:11 | Create | Archer |
| 27:12 | Create | Archer |
| 28:00 | Build | House |
| 29:45 | Build | Barracks |
| 29:53 | Create | Villager (Male) |
| 29:54 | Create | Villager (Male) |
| 29:54 | Create | Villager (Male) |
| 29:54 | Create | Villager (Male) |
| 29:55 | Create | Villager (Male) |
| 29:55 | Create | Villager (Male) |
| 29:55 | Create | Villager (Male) |
| 29:55 | Create | Villager (Male) |
| 29:56 | Create | Villager (Male) |
| 30:06 | Build | Dock |
| 30:43 | Create | Transport Ship |
| 30:50 | Build | Lumber Camp |
| 31:09 | Build | Farm |
| 31:14 | Research | Stone Mining |
| 32:29 | Research | Castle Age |
| 33:11 | Build | Mill |
| 34:07 | Build | Farm |
| 34:07 | Build | Farm |
| 34:07 | Build | Farm |
| 34:08 | Build | Farm |
| 34:08 | Build | Farm |
| 34:25 | Research | Fletching |
| 34:35 | Build | Archery Range |
Match timeline
| 3:20 | Kenway7332 · wall_segment Palisade Wall x1 |
| 3:24 | Kenway7332 · wall_segment Palisade Wall x1 |
| 4:11 | Kenway7332 · wall_segment Palisade Wall x1 |
| 5:14 | ThE GeNeRaTiOnAl HaTeR · first_building Dock |
| 5:40 | TheTotii18 · first_building Barracks |
| 7:16 | martindiego7 · first_building Dock |
| 7:45 | Kenway7332 · first_building Dock |
| 8:53 | elchori3105 · first_building Dock |
| 9:38 | TheTotii18 · first_building Dock |
| 9:58 | Twixxo · first_building Barracks |
| 12:00 | ThE GeNeRaTiOnAl HaTeR · first_building Barracks |
| 12:19 | Twixxo · age_up feudal |
| 13:02 | TheTotii18 · age_up feudal |
| 13:33 | Twixxo · first_building Stable |
| 13:58 | Twixxo · wall_segment Stone Wall x1 |
| 13:58 | Twixxo · wall_segment Stone Wall x1 |
| 14:00 | Twixxo · wall_segment Stone Wall x1 |
| 14:01 | Twixxo · wall_segment Stone Wall x1 |
| 14:03 | ThE GeNeRaTiOnAl HaTeR · age_up feudal |
| 14:03 | Twixxo · wall_segment Stone Wall x1 |
| 14:04 | Twixxo · wall_segment Stone Wall x1 |
| 14:05 | Twixxo · wall_segment Stone Wall x1 |
| 15:23 | Kenway7332 · first_building Barracks |
| 15:41 | martindiego7 · first_building Barracks |
| 16:06 | Twixxo · wall_segment Stone Wall x21 |
| 16:49 | ThE GeNeRaTiOnAl HaTeR · first_building Stable |
| 17:46 | Kenway7332 · wall_segment Palisade Wall x5 |
| 18:07 | Kenway7332 · first_building Archery Range |
| 18:19 | martindiego7 · first_building Archery Range |
| 18:58 | Twixxo · first_building Archery Range |
| 19:15 | Twixxo · wall_segment Stone Wall x3 |
| 19:18 | Twixxo · wall_segment Stone Wall x4 |
| 19:31 | ThE GeNeRaTiOnAl HaTeR · age_up castle |
| 19:32 | elchori3105 · first_building Barracks |
| 19:42 | ThE GeNeRaTiOnAl HaTeR · first_building Siege Workshop |
| 20:08 | Kenway7332 · first_building Stable |
| 20:10 | Twixxo · wall_segment Stone Wall x8 |
| 21:05 | elchori3105 · first_building Stable |
| 22:09 | Kenway7332 · first_market_sell 100 wood |
| 22:10 | Kenway7332 · first_market_buy 100 food |
| 22:29 | Twixxo · wall_segment Stone Wall x1 |
| 22:31 | Twixxo · wall_segment Stone Wall x1 |
| 22:33 | Twixxo · wall_segment Stone Wall x1 |
| 22:34 | Twixxo · wall_segment Stone Wall x1 |
| 22:42 | martindiego7 · first_building Monastery |
| 22:55 | TheTotii18 · first_market_sell 100 wood |
| 22:58 | TheTotii18 · first_market_buy 100 stone |
| 23:01 | Twixxo · first_market_buy 100 food |
| 23:49 | Twixxo · wall_segment Stone Wall x1 |
| 23:51 | Twixxo · wall_segment Stone Wall x1 |
| 23:53 | Twixxo · wall_segment Stone Wall x1 |
| 24:14 | martindiego7 · first_building Siege Workshop |
| 24:45 | Kenway7332 · first_building Castle |
| 24:51 | TheTotii18 · first_building Archery Range |
| 24:56 | Twixxo · wall_segment Stone Wall x4 |
| 25:20 | Kenway7332 · wall_segment Stone Wall x17 |
| 25:26 | Kenway7332 · wall_segment Stone Wall x8 |
| 25:32 | Kenway7332 · wall_segment Stone Wall x12 |
| 25:39 | martindiego7 · first_building Castle |
| 25:46 | Twixxo · age_up castle |
| 25:55 | Twixxo · first_market_sell 100 wood |
| 26:05 | Kenway7332 · first_building Monastery |
| 26:38 | elchori3105 · first_building Monastery |
| 27:12 | Kenway7332 · wall_segment Stone Wall x4 |
| 27:13 | Kenway7332 · wall_segment Stone Wall x1 |
| 27:16 | Twixxo · first_building Castle |
| 27:35 | Twixxo · wall_segment Stone Wall x1 |
| 28:38 | Kenway7332 · wall_segment Stone Wall x9 |
| 29:23 | ThE GeNeRaTiOnAl HaTeR · first_building Castle |
| 29:32 | ThE GeNeRaTiOnAl HaTeR · first_building Archery Range |
| 29:56 | Twixxo · wall_segment Stone Wall x6 |
| 29:57 | Twixxo · wall_segment Stone Wall x5 |
| 30:21 | Twixxo · wall_segment Stone Wall x2 |
| 30:22 | Twixxo · wall_segment Stone Wall x1 |
| 30:22 | Twixxo · wall_segment Stone Wall x1 |
| 30:24 | Twixxo · wall_segment Stone Wall x1 |
| 30:26 | Twixxo · wall_segment Stone Wall x1 |
| 30:27 | Twixxo · wall_segment Stone Wall x1 |
| 30:43 | Kenway7332 · wall_segment Stone Wall x7 |
| 32:23 | Twixxo · wall_segment Stone Wall x1 |
| 32:24 | Twixxo · wall_segment Stone Wall x1 |
| 32:25 | Twixxo · wall_segment Stone Wall x1 |
| 32:25 | Twixxo · wall_segment Stone Wall x1 |
| 32:27 | Twixxo · wall_segment Stone Wall x8 |
| 33:05 | Kenway7332 · wall_segment Stone Wall x15 |
| 34:30 | elchori3105 · first_building Castle |
| 35:17 | Twixxo · wall_segment Stone Wall x15 |
| 35:22 | elchori3105 · first_building Siege Workshop |
| 35:29 | TheTotii18 · age_up castle |
| 35:46 | Twixxo · first_building Monastery |
| 36:47 | Twixxo · resign |
| 37:33 | TheTotii18 · first_building Siege Workshop |
| 37:51 | TheTotii18 · first_building Castle |
| 39:59 | martindiego7 · first_market_buy 100 stone |
| 40:06 | ThE GeNeRaTiOnAl HaTeR · first_building Monastery |
| 46:44 | ThE GeNeRaTiOnAl HaTeR · age_up imperial |
| 51:30 | TheTotii18 · age_up imperial |
[ AI ANALYSIS · 1 CREDIT ]
What really happened in this match?
Wolo.gg analyzes every decision: build order, eco, micro, common mistakes by bracket. Personalized analysis on WhatsApp or Discord in 30 seconds.
Civ guide
Teutons
Map guide
Northern Isles
Perfil
Twixxo